 Dungeon Crawl Stone Soup version 0.32-a0-20-ge526923d97 (webtiles) character file.

Game seed: 467464859252343051

100 bobo the Caller (level 4, -3/30 HPs)
             Began as a Merfolk Summoner on Jan 17, 2024.
             Was a Follower of Hepliaklqana.
             Incinerated by a bombardier beetle (6 damage)
             ... with a burning spray
             ... on level 3 of the Dungeon.
             The game lasted 00:04:51 (1385 turns).

bobo the Caller (Merfolk Summoner)                  Turns: 1385, Time: 00:04:52

Health: -3/30      AC:  2    Str: 10    XL:     4   Next: 74%
Magic:  6/8        EV: 12    Int: 14    God:    Hepliaklqana [*.....]
Gold:   206        SH:  0    Dex: 14    Spells: 2/8 levels left

rFire   . . .        e - +2 dagger (flame)
rCold   . . .        (no shield)
rNeg    . . .        a - +0 robe
rPois   .            (no helmet)
rElec   .            (no cloak)
rCorr   .            (no gloves)
SInv    .            (no boots)
Will    .....        (no amulet)
Stlth   +            (no ring)
HPRegen 0.25/turn    (no ring)
MPRegen 0.11/turn

%: no passive effects
@: on fire, hasted, glowing, very quick
A: reduced essence, (nimble swimmer 2), mertail
a: Renounce Religion, Recall Ancestor, Ancestor Identity


You were on level 3 of the Dungeon.
You worshipped Hepliaklqana.
Hepliaklqana was aware of your devotion.
You visited 1 branch of the dungeon, and saw 3 of its levels.

You collected 206 gold pieces.

Inventory:

Hand Weapons
 e - a +2 dagger of flaming (weapon)
Armour
 a - a +0 robe (worn)
 f - an orb of mayhem
Jewellery
 o - a ring of protection from fire
Scrolls
 d - 2 scrolls of teleportation {unknown}
 l - 2 scrolls of identify {unknown}
 m - a scroll of blinking {unknown}
Potions
 b - a potion of magic
 c - 2 potions of haste
 g - a potion of resistance {unknown}
 h - a potion of degeneration {unknown}
 i - 2 potions of mutation {unknown}
 j - 2 potions of lignification {unknown}
 k - a potion of curing {unknown}
 n - a potion of might {unknown}


   Skills:
 + Level 2.5 Fighting
 - Level 2.6 Dodging
 - Level 2.1 Stealth
 + Level 2.9 Spellcasting
 + Level 4.7 Summonings


You had 2 spell levels left.
You knew the following spells:

 Your Spells              Type           Power      Damage    Failure   Level
a - Summon Small Mammal   Summ           60%        N/A       3%          1
d - Call Canine Familiar  Summ           15%        N/A       10%         3
s - Call Imp              Summ           30%        N/A       4%          2

Your spell library contained the following spells:

 Spells                   Type           Power      Damage    Failure   Level
 Apportation              Tloc           4%         N/A       22%         1
 Magic Dart               Conj           8%         1d3       22%         1
 Jinxbite                 Hex            4%         N/A       32%         2
 Searing Ray              Conj           4%         2d4       32%         2
 Summon Blazeheart Golem  Fire/Summ      8%         N/A       63%         4
 Summon Lightning Spire   Summ/Air       8%         N/A       63%         4
 Fulminant Prism          Conj/Alch      1%         3d5       91%         4
 Alistair's Intoxication  Alch           1%         N/A       99%         5


Dungeon Overview and Level Annotations

Branches:
Dungeon (3/15)

Altars:
Hepliaklqana


Innate Abilities, Weirdness & Mutations

Your life essence is reduced to manifest your ancestor. (-10% HP)
((You are very nimble when in or above water. (Stealth+, EV+, Speed+++)))
Your lower body shifts to a powerful aquatic tail in water.


Message History

The liquid fire burns you!
The bombardier beetle sprays incendiary fluid at you.
The burning spray hits you.
You are even more covered in liquid fire!
Your cerulean imp hits the bombardier beetle from afar with a -3 spear.
Blorbo hits the bombardier beetle.
You hit the bombardier beetle. You burn the bombardier beetle.
The bombardier beetle is severely wounded.
The liquid fire burns you!
Your cerulean imp closely misses the bombardier beetle.
Blorbo hits the bombardier beetle but does no damage.
You hit the bombardier beetle. You burn the bombardier beetle.
The bombardier beetle is almost dead.
The liquid fire burns you!
The bombardier beetle sprays incendiary fluid at you.
The burning spray hits you.
You are even more covered in liquid fire!
Your cerulean imp hits the bombardier beetle but does no damage.
Blorbo hits the bombardier beetle but does no damage.
You barely miss the bombardier beetle.
The bombardier beetle is almost dead.
The liquid fire burns you!
* * * LOW HITPOINT WARNING * * *
Blorbo barely misses the bombardier beetle.
Your cerulean imp hits the bombardier beetle but does no damage.
The bombardier beetle sprays incendiary fluid at you.
The burning spray hits you.
You are even more covered in liquid fire!
You hit the bombardier beetle but do no damage.
The bombardier beetle is almost dead.
The liquid fire burns you!
* * * LOW HITPOINT WARNING * * *
Blorbo hits the bombardier beetle.
The bombardier beetle dies!
You shake off some of the fire as you move.
The liquid fire burns you!
* * * LOW HITPOINT WARNING * * *
It was a potion of haste.
You feel yourself speed up. The liquid fire burns you!
You die...

#######.#.######.####.
.......[#.# #.# #.
#######.#.# ##.####.
### #.#.# #..##...
.......#(.# #.###.#.
#####.###.# #.# #.#.
##.#.## #.# #.#.
.#########.## #.# #.#.
........@.5# #.# #.#.
.###:###R### #.# #.#.
# #.# #.# #.#. . #.#
#.# #.#. # .# #.#
##.###... # #.##
#.########...##...
##...#
#...............##
...... ###
######...#..# #..#
#......##..#


You could see the friendly Blorbo the ancestor and a friendly cerulean imp
(summoned).

Vanquished Creatures
  Terence (D:2)
  4 ball pythons
  4 endoplasms
  3 goblins (D:1)
  3 hobgoblins
  2 quokkas
  7 bats
  A frilled lizard (D:2)
  2 rats
27 creatures vanquished.

Vanquished Creatures (collateral kills)
  A bombardier beetle (D:3)
  2 dart slugs
  A ball python (D:1)
  A goblin (D:2)
  2 hobgoblins
  A quokka (D:2)
  2 bats
  A frilled lizard (D:1)
  A kobold (D:2)
12 creatures vanquished.

Vanquished Creatures (others)
  An ancestor (D:2)
1 creature vanquished.

Grand Total: 40 creatures vanquished

Notes
Turn   | Place    | Note
-------+----------+-------------------------------------------
     0 | D:1      | bobo the Merfolk Summoner began the quest for the Orb.
     0 | D:1      | Reached XP level 1. HP: 13/13 MP: 3/3
   141 | D:1      | Reached XP level 2. HP: 20/20 MP: 3/5
   147 | D:1      | Reached skill level 1 in Fighting
   530 | D:2      | Learned a level 2 spell: Call Imp
   536 | D:2      | Reached XP level 3. HP: 26/26 MP: 3/6
   580 | D:2      | Found a faded altar of an unknown god.
   593 | D:2      | Prayed at the altar of an unknown god.
   593 | D:2      | Became a worshipper of Hepliaklqana the Forgotten
   593 | D:2      | Reached * piety under Hepliaklqana
   739 | D:2      | Noticed Terence
   758 | D:2      | Killed Terence
   759 | D:2      | Reached XP level 4. HP: 29/29 MP: 3/8
   815 | D:2      | Learned a level 3 spell: Call Canine Familiar
  1385 | D:3      | Incinerated by a bombardier beetle

Illustrated notes

Levels and vault maps discovered:
D:1:      wheals_arrival_shading, layout_rooms
D:2:      layout_rooms, basic_ecumenical_altar, uniq_terence
D:3:      layout_loops_ring, grunt_ministairs_12

Skill      XL: |  1  2  3 |
---------------+----------+-----
Fighting       | 1 2 |  2.5
Dodging        | |  2.6
Stealth        | |  2.1
Spellcasting   | |  2.9
Summonings     | |  4.7

Action                     |  1- 3 |  4- 6 || total
---------------------------+-------+-------++-------
  Melee: Dagger            |    57 |    23 ||    80
         Punch             |     1 |       ||     1
   Cast: Summon Small Mamm |    15 |       ||    15
         Call Imp          |     4 |     3 ||     7
 Invoke: Ancestor Identity |     1 |       ||     1
    Use: Potion            |       |     1 ||     1
   Stab: Sleeping          |     3 |       ||     3
 Armour: Robe              |    29 |    11 ||    40
  Dodge: Dodged            |    37 |    16 ||    53

Table legend: (Time is in decaauts)
 A = Elapsed time spent in this place.
 B = Non-inter-level travel time spent in this place.
 C = Inter-level travel time spent in this place.
 D = Time resting spent in this place.
 E = Time spent auto-exploring this place.
 F = Levels seen in this place.
 G = Mean time per level.
                   A        B        C        D        E       F      G
               +--------+--------+--------+--------+--------+-----+--------+
         Total |   1383 |   1352 |     31 |      0 |   1017 |   3 |  461.0 |
       Dungeon |   1383 |   1352 |     31 |      0 |   1017 |   3 |  461.0 |
               +--------+--------+--------+--------+--------+-----+--------+

Top non-repeatable levels by time:
     D:2: 633 daAuts
     D:1: 492 daAuts
     D:3: 257 daAuts
